Map: Snowy Mesa

Players

Loken

  • Race: Protoss Protoss
  • Spawn Location: 12:00

TimeTwist - Winner!

  • Race: Zerg Zerg
  • Spawn Location: 6:00

FrogMint

  • Race: Zerg Zerg
  • Spawn Location: 12:00

Scaramanga - Winner!

  • Race: Terran Terran
  • Spawn Location: 6:00

VOD

Have the link to the VOD?

Description

Time

  • Played on: March 8, 2017, 4:51 p.m.
  • Length: 17:02
Show
View Real Time Build Order
Export as new Build Order

Loken Protoss 

Build Orders: Nexus First 

Get SALT Encoding   

  12  0:01  Probe (Chrono Boost)  
  13  0:12  Probe (Chrono Boost)  
  14  0:22  Pylon  
  14  0:25  Probe (Chrono Boost)  
  15  0:59  Probe (Chrono Boost), Nexus  
  16  1:09  Probe (Chrono Boost)  
  17  1:18  Pylon  
  17  1:20  Probe (Chrono Boost)  
  17  1:25  Gateway  
  18  1:30  Probe (Chrono Boost)  
  19  1:38  Assimilator  
  19  1:41  Probe (Chrono Boost)  
  19  1:43  Assimilator  
  20  1:51  Probe (Chrono Boost)  
  21  2:02  Probe (Chrono Boost)  
  22  2:12  Zealot  
  24  2:16  Cybernetics Core  
  24  2:17  Probe (Chrono Boost)  
  25  2:27  Probe (Chrono Boost)  
  26  2:38  Gateway, Probe (Chrono Boost)  
  26  2:39  Warp Gate, Gateway  
  27  2:47  Pylon  
  27  2:48  Probe (Chrono Boost)  
  28  2:57  Probe (Chrono Boost)  
  29  2:59  Probe (Chrono Boost)  
  29  3:01  Stalker  
  32  3:09  Probe x2 (Chrono Boost)  
  32  3:10  Gateway  
  34  3:18  Gateway  
  34  3:20  Probe (Chrono Boost)  
  35  3:30  Probe (Chrono Boost)  
  35  3:31  Stalker  
  35  3:32  Probe (Chrono Boost)  
  40  3:41  Probe (Chrono Boost)  
  40  3:44  Assimilator  
  40  3:47  Assimilator  
  40  3:51  Probe (Chrono Boost)  
  41  4:01  Stalker  
  41  4:02  Probe (Chrono Boost)  
  44  4:13  Probe (Chrono Boost)  
  43  4:23  Probe (Chrono Boost)  
  44  4:30  Gateway  
  44  4:31  Gateway  
  44  4:32  Pylon  
  44  4:34  Pylon, Probe (Chrono Boost)  
  44  4:37  Pylon  
  45  4:44  Probe (Chrono Boost)  
  46  4:54  Twilight Council  
  46  4:59  Robotics Facility  
  46  5:00  Robotics Facility  
  46  5:05  Robotics Facility  
  46  5:11  Probe (Chrono Boost)  
  46  5:13  Zealot x2  
  46  5:14  Zealot x3  
  57  5:21  Probe (Chrono Boost)  
  57  5:26  Charge  
  58  5:32  Probe (Chrono Boost)  
  58  5:34  Pylon  
  58  5:35  Pylon  
  59  5:37  Pylon  
  59  5:46  Zealot x5  
  59  5:47  Forge, Zealot x2  
  59  5:48  Forge  
  73  6:03  Immortal x3  
  81  6:14  Stalker x3  
  71  6:35  Pylon  
  71  6:36  Pylon  
  71  6:38  Pylon  
  65  6:42  Stalker x3  
  65  6:43  Stalker x2  
  75  6:53  Zealot x2  
  67  7:22  Zealot x6  
  73  7:23  Zealot  
  63  7:57  Zealot x2  
  63  7:58  Zealot x5  
  65  8:01  Immortal x2  
  65  8:21  Stalker  
  65  8:22  Stalker x4  
  59  8:55  Stalker x3  
  65  8:56  Stalker x2  
  65  8:57  Stalker x2  
  65  9:49  Stalker x4  
  65  9:50  Stalker x3  
  61  10:15  Blink  
  61  10:18  Zealot x3  
  61  10:19  Zealot x4  
  75  10:32  Nexus  
  48  11:06  Zealot x3  
  48  11:07  Zealot x4  
  48  11:34  Probe (Chrono Boost)  
  49  11:46  Probe (Chrono Boost)  
  34  11:59  Probe (Chrono Boost)  
  31  12:04  Sentry x2  
  31  12:05  Sentry  
  27  12:34  Sentry x2  
  27  12:35  Sentry x5  
  37  13:45  Stalker x3  
  37  13:46  Stalker x2  
  37  13:47  Stalker  
  37  13:48  Stalker  
  4  16:48  Probe (Chrono Boost)  
  4  16:51  Probe (Chrono Boost)  
Show
View Real Time Build Order
Export as new Build Order

TimeTwist Zerg - Winner!

Build Orders: Pool First 

Get SALT Encoding   

  12  0:01  Drone  
  13  0:12  Overlord  
  13  0:18  Drone  
  14  0:23  Drone, Extractor  
  14  0:31  Drone  
  15  0:38  Drone  
  16  0:49  Spawning Pool  
  15  0:52  Drone  
  16  1:03  Drone  
  17  1:08  Drone  
  18  1:18  Drone  
  19  1:38  Hatchery  
  19  1:39  Queen  
  20  1:47  Overlord  
  20  1:51  Drone  
  20  1:53  Drone  
  22  2:15  Lair  
  22  2:22  Drone x2  
  24  2:42  Drone x2  
  26  2:50  Queen  
  28  3:03  Roach Warren  
  27  3:06  Drone x5  
  27  3:07  Overlord  
  32  3:19  Drone x3  
  35  3:20  Drone, Overlord  
  35  3:25  Queen  
  38  3:27  Queen  
  38  3:28  Extractor  
  39  3:43  Glial Reconstitution  
  39  3:45  Roach x3  
  39  3:46  Drone  
  39  3:47  Drone  
  47  3:59  Drone x2  
  47  4:00  Roach  
  47  4:02  Overlord  
  51  4:15  Overseer  
  51  4:25  Overseer  
  51  4:26  Drone x4, Overlord  
  51  4:27  Drone x4  
  59  4:33  Hatchery  
  58  4:39  Burrow  
  58  4:44  Spore Crawler  
  57  4:48  Extractor  
  57  4:50  Roach x3, Extractor  
  61  4:53  Roach  
  63  5:07  Overlord x2  
  63  5:15  Drone  
  63  5:16  Drone  
  63  5:17  Roach  
  63  5:18  Overlord  
  63  5:20  Tunneling Claws  
  67  5:22  Drone  
  67  5:26  Evolution Chamber  
  67  5:28  Drone  
  68  5:29  Evolution Chamber  
  67  5:50  Roach x5  
  67  5:51  Roach x2  
  81  6:06  Roach x3  
  81  6:07  Roach x2  
  89  6:28  Roach x2  
  89  6:29  Roach x2  
  85  6:49  Zergling x6  
  85  6:50  Metabolic Boost  
  78  7:09  Spire  
  73  7:17  Roach x5  
  73  7:18  Roach  
  76  7:26  Roach x6  
  76  7:27  Roach x5  
  67  7:53  Roach  
  67  7:54  Roach x3  
  67  8:00  Roach x4  
  73  8:11  Hatchery  
  72  8:14  Roach x2  
  72  8:15  Roach x2  
  78  8:32  Mutalisk  
  78  8:33  Mutalisk x2  
  74  8:48  Overlord x2  
  74  9:04  Mutalisk x2  
  74  9:05  Mutalisk x3  
  74  9:06  Overlord x2  
  84  9:22  Roach  
  84  9:23  Roach x3  
  62  9:40  Zergling x10  
  62  9:41  Zergling x6  
  68  9:46  Overlord x2  
  68  9:48  Roach x2  
  71  10:14  Zergling x4  
  71  10:15  Zergling x14  
  71  10:16  Zergling x2  
  81  10:40  Roach x4  
  81  10:41  Roach x2  
  93  10:47  Roach  
  93  10:48  Roach  
  86  11:08  Mutalisk x4  
  86  11:09  Mutalisk  
  96  11:15  Hatchery  
  95  11:24  Mutalisk x4  
  103  11:32  Mutalisk  
  103  11:34  Overlord  
  80  12:09  Mutalisk  
  80  12:10  Mutalisk x3  
  74  12:29  Mutalisk x2  
  72  12:39  Hatchery  
  71  12:46  Mutalisk  
  71  12:48  Drone, Zergling x4  
  59  13:15  Zergling x14  
  59  13:16  Zergling x4  
  54  13:38  Zergling x4  
  54  13:39  Zergling x4  
  50  13:43  Mutalisk  
  47  14:10  Zergling x12  
  47  14:11  Zergling x6  
  54  14:34  Zergling x12  
  53  14:47  Zergling x4  
  49  15:16  Drone  
  45  15:31  Hatchery  
  44  16:22  Drone x9  
  44  16:23  Drone x4  
  44  16:54  Hatchery  
Show
View Real Time Build Order
Export as new Build Order

FrogMint Zerg 

Build Orders: Pool First 

Get SALT Encoding   

  12  0:09  Overlord  
  12  0:12  Drone  
  13  0:17  Drone  
  14  0:36  Spawning Pool  
  14  0:37  Drone  
  14  0:42  Extractor  
  13  0:44  Drone  
  13  0:48  Drone  
  15  0:53  Drone  
  16  1:09  Drone  
  17  1:17  Drone  
  18  1:23  Queen  
  18  1:25  Zergling x2  
  21  1:36  Drone  
  22  1:51  Hatchery  
  21  2:08  Drone  
  21  2:13  Overlord  
  22  2:15  Metabolic Boost  
  22  2:31  Queen  
  22  2:33  Drone x2  
  22  2:34  Drone, Overlord  
  27  2:46  Roach Warren  
  26  2:52  Drone  
  26  2:56  Drone  
  26  2:57  Drone  
  29  3:03  Extractor  
  29  3:05  Drone x2  
  30  3:12  Drone  
  31  3:18  Drone  
  32  3:22  Lair  
  32  3:34  Roach x2  
  35  3:53  Roach x2  
  35  3:54  Roach x2  
  39  4:11  Overlord x3  
  39  4:23  Overlord  
  39  4:24  Overlord  
  39  4:28  Queen  
  39  4:29  Overlord  
  41  4:33  Drone x2  
  43  4:46  Roach  
  43  4:47  Roach x3  
  43  4:50  Overseer  
  51  5:04  Drone x2  
  53  5:08  Drone x4  
  57  5:17  Roach x2  
  61  5:22  Drone  
  62  5:42  Hatchery, Drone x5  
  66  5:45  Extractor  
  66  5:47  Drone  
  66  5:48  Drone x2  
  68  5:53  Roach  
  68  5:54  Roach  
  72  6:09  Spire  
  71  6:14  Roach x3  
  71  6:15  Roach  
  79  6:27  Roach x2  
  79  6:29  Overlord x2  
  79  6:30  Overlord x2  
  81  6:43  Unknown x2  
  81  6:44  Unknown  
  73  6:51  Roach x5  
  75  6:56  Roach  
  71  7:03  Extractor  
  71  7:08  Drone  
  71  7:13  Roach x3  
  75  7:30  Roach  
  75  7:31  Roach x4  
  85  7:45  Mutalisk x3, Roach  
  87  7:54  Drone  
  87  7:55  Drone  
  87  7:56  Overlord x2  
  81  8:10  Glial Reconstitution  
  79  8:23  Mutalisk x4  
  87  8:31  Mutalisk  
  85  8:44  Mutalisk  
  83  8:55  Extractor  
  83  8:59  Extractor  
  77  9:07  Mutalisk x2  
  77  9:21  Mutalisk  
  55  9:33  Roach x2  
  55  9:34  Roach x3  
  63  9:42  Drone x6  
  63  9:43  Drone x2  
  71  9:50  Hatchery  
  71  9:51  Zergling x20  
  80  10:00  Hatchery  
  79  10:08  Zergling x10  
  79  10:09  Zergling x8  
  88  10:17  Zergling x2  
  81  10:44  Roach x3  
  81  10:45  Roach x7  
  74  11:05  Zergling x4  
  74  11:06  Zergling x20  
  86  11:22  Zergling x8  
  86  11:23  Zergling x8  
  91  11:33  Mutalisk x7  
  98  11:44  Spore Crawler  
  98  11:46  Spore Crawler  
  95  12:01  Spore Crawler  
  75  12:04  Mutalisk x3, Spore Crawler  
  57  12:14  Zergling x2  
  57  12:15  Zergling x32  
  55  12:16  Zergling x12  
  54  12:36  Zergling x18  
  54  12:37  Zergling x2  
  62  12:38  Queen x2  
  66  12:47  Spore Crawler  
  46  13:14  Zergling x2  
  46  13:15  Zergling x12  
  45  13:23  Drone  
  24  14:20  Hatchery  
  23  14:25  Zergling x12  
  23  14:26  Zergling x4  
  31  14:31  Drone  
  31  14:32  Drone  
  33  14:55  Mutalisk x2  
  29  15:22  Mutalisk x3  
  29  15:25  Drone x2  
  37  15:29  Drone  
  38  15:51  Drone x3  
  38  15:56  Spore Crawler  
  40  16:04  Spore Crawler  
  39  16:13  Mutalisk  
  39  16:14  Mutalisk x2  
  45  16:33  Mutalisk  
  47  16:44  Zergling x2  
  47  16:45  Zergling x14  
Show
View Real Time Build Order
Export as new Build Order

Scaramanga Terran - Winner!

Build Orders: MMM Bio 

Get SALT Encoding   

  12  0:00  SCV  
  13  0:15  Supply Depot  
  13  0:17  SCV  
  14  0:30  SCV  
  15  0:40  Barracks  
  15  0:42  SCV  
  16  0:54  SCV  
  16  0:55  Refinery  
  17  1:06  SCV  
  18  1:18  SCV  
  19  1:34  Barracks  
  19  1:37  Barracks  
  19  1:39  Supply Depot  
  19  1:40  Orbital Command  
  19  1:50  Barracks Tech Lab  
  19  2:05  SCV  
  20  2:10  Marauder  
  21  2:15  Combat Shields  
  21  2:18  SCV  
  22  2:26  Marine x2  
  24  2:30  SCV  
  24  2:31  Marauder  
  27  2:43  Marine  
  27  2:44  Refinery, Marine  
  29  2:52  Marine  
  29  2:57  SCV  
  31  3:08  Supply Depot  
  31  3:20  Command Center  
  31  3:28  Barracks Reactor  
  31  3:30  Factory  
  31  3:31  Barracks Reactor  
  31  3:32  Marine  
  32  3:36  SCV  
  33  3:54  SCV  
  30  4:20  SCV  
  30  4:24  Marine x2  
  30  4:25  Marauder, Marine x2  
  30  4:31  Starport  
  36  4:33  Factory Tech Lab  
  36  4:36  Orbital Command  
  36  4:42  Marine x3  
  36  4:43  Marine  
  40  4:47  Marauder, SCV  
  40  4:52  Stimpack  
  43  4:56  Orbital Command  
  43  4:59  SCV  
  44  5:00  Marine x3  
  44  5:01  Marine  
  48  5:07  Marine  
  48  5:11  SCV, Engineering Bay  
  48  5:13  Engineering Bay  
  50  5:23  SCV  
  51  5:38  Barracks Tech Lab  
  51  5:47  Marine, Supply Depot, Starport Reactor  
  51  5:48  Marauder  
  54  5:57  Terran Infantry Weapons Level 1  
  54  5:58  Terran Infantry Armor Level 1  
  54  5:59  Refinery  
  54  6:05  Refinery  
  54  6:09  SCV x2, Marine x2, Siege Tank  
  57  6:26  Marine  
  52  6:45  Marauder, Marine x2  
  52  6:46  Marauder  
  43  7:03  Marine x2  
  43  7:07  Marauder x2  
  43  7:19  SCV x2  
  43  7:21  Marine x2  
  47  7:28  Marauder  
  47  7:29  Marauder  
  51  7:38  Marine  
  51  7:39  Marine  
  51  7:42  Medivac x2  
  55  7:49  Marine  
  55  7:50  Marauder  
  53  7:56  Marine x2  
  52  8:08  Marauder  
  52  8:09  SCV x2  
  52  8:10  Marine  
  57  8:14  Marine x2  
  59  8:21  SCV x2  
  61  8:33  SCV  
  62  8:36  SCV  
  55  8:41  Marine  
  55  8:42  Marauder x2, Marine  
  55  8:45  SCV  
  55  8:59  Marine  
  55  9:00  Marine  
  57  9:03  Marine x2  
  48  9:17  Marine x2  
  48  9:21  Marauder x2  
  45  9:35  Marine x2  
  37  9:41  Siege Tank  
  37  9:42  Marine x2  
  37  9:44  Concussive Shells  
  40  9:53  Marine x2  
  42  10:00  Marine  
  42  10:01  Marauder, Armory  
  45  10:10  Marine  
  45  10:11  Marine  
  45  10:14  Siege Tank  
  50  10:18  Marine  
  51  10:21  Marine  
  51  10:23  Medivac x2  
  56  10:28  Marine  
  57  10:36  Marauder  
  56  10:45  Marauder, Marine  
  56  10:46  Marine  
  51  10:57  Marine  
  51  11:01  Terran Vehicle Weapons Level 1  
  51  11:03  Marine  
  51  11:04  Marine, Supply Depot  
  47  11:06  Marine  
  47  11:07  SCV  
  49  11:15  Marine  
  47  11:19  SCV  
  47  11:21  Marine  
  47  11:22  Marine  
  47  11:24  Marine  
  51  11:31  SCV  
  52  11:34  Siege Tank  
  55  11:43  SCV  
  55  11:46  Command Center  
  50  11:55  SCV  
  50  12:07  SCV  
  51  12:08  SCV  
  51  12:11  Marine  
  51  12:12  Marauder, Marine x2  
  57  12:20  SCV x2  
  56  12:29  Marine x2  
  53  12:32  Marine  
  53  12:33  Marine  
  53  12:34  Siege Tank  
  58  12:42  Medivac x2  
  62  12:44  SCV x2  
  62  12:47  Marine x2  
  62  12:49  Marine  
  62  12:51  Marine  
  68  12:56  SCV  
  69  13:05  Marine x2  
  70  13:06  Siege Tank  
  70  13:11  Marine  
  70  13:12  Marine  
  52  13:23  Marine x2  
  49  13:29  Marine x2  
  50  13:40  Marine  
  50  13:41  Marine  
  51  13:47  Marine x2  
  46  13:58  Marine x2  
  46  14:02  Orbital Command  
  43  14:05  Marine x2  
  43  14:07  Refinery  
  43  14:08  Siege Tank  
  48  14:11  Refinery  
  48  14:13  Medivac x2  
  48  14:16  Marine x2  
  54  14:23  Marauder, Marine  
  56  14:34  Marine x2  
  58  14:40  Marine  
  58  14:43  Medivac  
  58  14:44  Marine  
  62  14:52  Marine x2  
  57  14:59  Marauder  
  53  15:02  Marine  
  53  15:06  SCV x3  
  57  15:10  Marine x2  
  54  15:18  SCV x2  
  54  15:20  Marauder x2  
  60  15:27  Marine  
  60  15:28  Marine  
  62  15:31  Siege Tank  
  62  15:33  Viking x2  
  69  15:41  Marauder, Marine  
  72  15:45  Marine x2  
  74  15:52  SCV  
  74  15:53  SCV x2  
  76  16:02  Marauder, Marine  
  76  16:03  Marine, Siege Tank  
  76  16:23  Marauder, Marine x2  
  76  16:24  Marauder  
  81  16:41  Marine x2  
Tags
 
Add a new tag
Caveats
  • Supply blocks, unpowered buildings, or Contaminate may cause inaccurate times.
  • Supply counts are checked every 10 seconds.